 Dungeon Crawl Stone Soup version 0.31-a0-977-gc230f8ef24 (webtiles) character file.

Game seed: 2154705978732038003

39 tsujin the Caller (level 3, -3/20 HPs)
             Began as a Tengu Summoner on Oct 29, 2023.
             Slain by Crazy Yiuf
             ... wielding a +3 quarterstaff of chaos
              (8 damage)
             ... on level 2 of the Dungeon.
             The game lasted 00:05:01 (2084 turns).

tsujin the Caller (Tengu Summoner)                  Turns: 2084, Time: 00:05:02

Health: -3/20      AC:  2    Str: 10    XL:     3   Next: 47%
Magic:  6/7        EV: 27    Int: 15    God:
Gold:   112        SH:  0    Dex: 14    Spells: 3/6 levels left

rFire   . . .        c - +0 short sword
rCold   . . .        (no shield)
rNeg    . . .        a - +0 robe
rPois   .            (helmet restricted)
rElec   .            (no cloak)
rCorr   .            (no gloves)
SInv    .            (boots unavailable)
Will    .....        (no amulet)
Stlth   ++           (no ring)
HPRegen 0.23/turn    (no ring)
MPRegen 0.10/turn

%: acrobat
@: acrobatic
A: beak, talons 3, acrobatic
a: no special abilities


You were on level 2 of the Dungeon.
You visited 1 branch of the dungeon, and saw 2 of its levels.

You collected 112 gold pieces.

Inventory:

Hand Weapons
 c - a +0 short sword (weapon)
Armour
 a - a +0 robe (worn)
Scrolls
 g - 2 scrolls of teleportation
Potions
 b - a potion of magic
 d - 2 potions of heal wounds {unknown}
 e - a potion of cancellation {unknown}
 f - a potion of enlightenment {unknown}
 h - a potion of lignification {unknown}


   Skills:
 + Level 1.4 Fighting
 - Level 2.1 Dodging
 - Level 2.0 Stealth
 + Level 2.1 Spellcasting
 * Level 5.7 Summonings


You had 3 spell levels left.
You knew the following spells:

 Your Spells              Type           Power      Damage    Failure   Level
a - Summon Small Mammal   Summ           72%        N/A       1%          1
b - Call Imp              Summ           36%        N/A       3%          2

Your spell library contained the following spells:

 Spells                   Type           Power      Damage    Failure   Level
 Call Canine Familiar     Summ           18%        N/A       6%          3
 Summon Guardian Golem    Hex/Summ       10%        N/A       21%         3
 Ozocubu's Armour         Ice            1%         N/A       54%         3
 Summon Lightning Spire   Summ/Air       10%        N/A       54%         4
 Orb of Destruction       Conj           0%         9d5       100%        7
 Ozocubu's Refrigeration  Ice            0%         4d7       100%        7
 Spellforged Servitor     Conj/Summ      5%         N/A       100%        7


Dungeon Overview and Level Annotations

Branches:
Dungeon (2/15)

Altars:

Shops:
D:2 !

Annotations:
D:2 Crazy Yiuf


Innate Abilities, Weirdness & Mutations

You have a beak for a mouth.
You have claws for feet.
You can magically evade attacks while moving or waiting.


Message History

Crazy Yiuf attacks as he pursues you!
Crazy Yiuf hits you with a +3 quarterstaff of chaos!
You take 8 damage, and have 12/20 hp.
MASSIVE DAMAGE!!
Your bat barely misses Crazy Yiuf.
Your bat hits the fungus.
The fungus begins to die.
Your bat hits Crazy Yiuf.
Your bat hits Crazy Yiuf but does no damage.
Crazy Yiuf laughs, "Tonal!
Adder cower senile."
Your bat hits Crazy Yiuf but does no damage.
Crazy Yiuf attacks as he pursues you! Crazy Yiuf closely misses you.
A nearby fungus withers and dies.
Your bat hits Crazy Yiuf but does no damage.
Casting: Summon Small Mammal (safe; 1% risk of failure)
Confirm with . or Enter, or press ? or * to list all spells.
A tiny devil pulls itself out of the air.
Crazy Yiuf hits you with a +3 quarterstaff of chaos!
Ouch! That really hurt!
* * * LOW HITPOINT WARNING * * *
Crazy Yiuf freezes you.
* * * LOW HITPOINT WARNING * * *
Your bat hits Crazy Yiuf.
You take 11 damage, and have 2/20 hp.
MASSIVE DAMAGE!!
You now have 4/7 mp.
Your bat completely misses Crazy Yiuf.
Your cerulean imp hits Crazy Yiuf but does no damage.
Crazy Yiuf yells, "Dawk!
Orb shrimp cower."
Crazy Yiuf attacks as he pursues you! Crazy Yiuf completely misses you.
Your bat hits Crazy Yiuf.
Your cerulean imp hits Crazy Yiuf but does no damage.
Crazy Yiuf attacks as he pursues you! Crazy Yiuf completely misses you.
Your bat hits Crazy Yiuf but does no damage.
Your bat hits Crazy Yiuf but does no damage.
Crazy Yiuf attacks as he pursues you! Crazy Yiuf completely misses you.
Your bat hits Crazy Yiuf but does no damage.
Your bat hits Crazy Yiuf but does no damage.
Crazy Yiuf grits, "Pitchfork!"
Crazy Yiuf sings, "Trees, trees, trees, circus!"
Your bat hits Crazy Yiuf but does no damage.
Crazy Yiuf attacks as he pursues you!
Crazy Yiuf hits you with a +3 quarterstaff of chaos!
You die...

##..## ##...........
#....# #...##...###
###...#####...##<#....
#........>..#.##.####.
#.......###.#.##.# #.
###..##.# #.#.##.# #.
##.##.# #.#.##.# #.
#######.##.# #.#.##.#
#. #.....รท.@..#
#.#.##.####.
#.#####.#g.#
#.#.##.##... #.#
#.#..# #.#.##.#.###
#.# #.#b.# #.#.##.#.#
# #.#
#.#5.###........###
#.#
#......)......##...
#.#
###..#####.#####.##
#.# #..# #.#####.# #.#
#..# #.....#.#


You could see Crazy Yiuf (ally target), a friendly cerulean imp (summoned) and a
friendly bat (summoned).

Vanquished Creatures
  2 jackals (D:1)
  2 quokkas
  A kobold (D:2)
  2 rats
7 creatures vanquished.

Vanquished Creatures (collateral kills)
  A dart slug (D:2)
  2 ball pythons (D:2)
  6 endoplasms
  A giant cockroach (D:1)
  3 hobgoblins (D:1)
  A jackal (D:1)
  4 kobolds (D:2)
  2 quokkas (D:1)
  A frilled lizard (D:2)
  3 goblins
  A rat (D:1)
25 creatures vanquished.

Grand Total: 32 creatures vanquished

Notes
Turn   | Place    | Note
-------+----------+-------------------------------------------
     0 | D:1      | tsujin the Tengu Summoner began the quest for the Orb.
     0 | D:1      | Reached XP level 1. HP: 10/10 MP: 4/4
   142 | D:1      | Reached skill level 5 in Summonings
   147 | D:1      | Reached XP level 2. HP: 16/16 MP: 3/6
   239 | D:1      | Reached skill level 1 in Fighting
   553 | D:1      | Learned a level 2 spell: Call Imp
  1098 | D:2      | Reached XP level 3. HP: 20/20 MP: 3/7
  1590 | D:2      | Identified the +0 robe of the Farmer {*Corrode rF+ Str+5}
  1698 | D:2      | Found a runed translucent door.
  1699 | D:2      | Noticed Crazy Yiuf
  1780 | D:2      | Found Zeosaott's Distillery.
  2084 | D:2      | Slain by Crazy Yiuf

Illustrated notes

Levels and vault maps discovered:
D:1:      heliophobic_arrival_glass_houses, layout_loops_ring
D:2:      layout_loops_ring, serial_shops, shop, chequers_serial_rivers_small_3,
          minmay_misc_feat_diagonals, uniq_crazy_yiuf_cottage

Skill      XL: |  1  2 |
---------------+-------+-----
Summonings     | 5 |  5.7
Fighting       | 1 |  1.4
Dodging        | |  2.1
Stealth        | |  2.0
Spellcasting   | |  2.1

Action                     || total
---------------------------++-------
  Melee: Short sword       ||    21
         Kick              ||     4
         Unarmed           ||     1
   Cast: Summon Small Mamm ||    36
         Call Imp          ||    17
    Use: Potion            ||     1
         Scroll            ||     1
   Stab: Sleeping          ||     1
 Armour: Robe              ||    13
  Dodge: Dodged            ||    24

Table legend: (Time is in decaauts)
 A = Elapsed time spent in this place.
 B = Non-inter-level travel time spent in this place.
 C = Inter-level travel time spent in this place.
 D = Time resting spent in this place.
 E = Time spent auto-exploring this place.
 F = Levels seen in this place.
 G = Mean time per level.
                   A        B        C        D        E       F      G
               +--------+--------+--------+--------+--------+-----+--------+
         Total |   2066 |   2058 |      8 |     25 |   1548 |   2 | 1033.0 |
       Dungeon |   2066 |   2058 |      8 |     25 |   1548 |   2 | 1033.0 |
               +--------+--------+--------+--------+--------+-----+--------+

Top non-repeatable levels by time:
     D:1: 1074 daAuts
     D:2: 992 daAuts
